 Dungeon Crawl Stone Soup version 0.30-a0-586-g23e55c9e0a (webtiles) character file.

Game seed: 10273068756777647509

739 Bnni the Vexing (level 8, -5/58 HPs)
             Began as a Formicid Hexslinger on Jan 3, 2023.
             Was a Believer of Okawaru.
             Slain by a black bear (9 damage)
             ... on level 5 of the Dungeon.
             The game lasted 00:05:34 (3915 turns).

Bnni the Vexing (Formicid Hexslinger)               Turns: 3915, Time: 00:05:34

Health: -5/58      AC:  2    Str: 14    XL:     8   Next: 4%
Magic:  8/12       EV: 12    Int: 16    God:    Okawaru [**....]
Gold:   262        SH:  0    Dex: 14    Spells: 2/13 levels left

rFire   . . .      SeeInvis +    s - +0 dagger (venom)
rCold   . . .      Faith    +    (no shield)
rNeg    . . .      Spirit   .    c - +0 robe
rPois   .          Reflect  .    (helmet unavailable)
rElec   .          Harm     .    (no cloak)
rCorr   .          Rampage  .    (no gloves)
Will    .....                    (no boots)
Stlth   +                        q - amulet of faith
HPRegen 0.29/turn                (no ring)
MPRegen 0.13/turn                (no ring)

@: no status effects
A: permanent stasis, dig shafts and tunnels, antennae 3, four strong arms
a: Dig, Shaft Self, Renounce Religion, Heroism


You were on level 5 of the Dungeon.
You worshipped Okawaru.
Okawaru was pleased with you.
You visited 1 branch of the dungeon, and saw 5 of its levels.

You collected 262 gold pieces.

Inventory:

Hand Weapons
 a - a +1 sling
 s - a +0 dagger of venom (weapon)
Missiles
 t - 5 poisoned darts
Armour
 c - a +0 robe (worn)
Jewellery
 i - an amulet of reflection
 q - an amulet of faith (around neck)
Scrolls
 b - a scroll of poison
 d - 5 scrolls of identify {unknown}
 f - a scroll of noise {unknown}
 l - 2 scrolls of enchant weapon {unknown}
 m - a scroll of butterflies {unknown}
 o - a scroll of magic mapping {unknown}
 r - 2 scrolls of teleportation {unknown}
Potions
 e - 2 potions of brilliance {unknown}
 g - a potion of might {unknown}
 h - 2 potions of heal wounds {unknown}
 j - 2 potions of degeneration {unknown}
 k - a potion of curing {unknown}
 n - a potion of haste {unknown}
 p - a potion of experience {unknown}
 u - a potion of flight {unknown}


   Skills:
 + Level 3.5 Fighting
 * Level 4.6 Ranged Weapons
 - Level 1.7 Dodging
 + Level 3.0 Spellcasting
 * Level 6.3 Hexes
 * Level 0.4 Translocations
 - Level 3.0 Fire Magic


You had 2 spell levels left.
You knew the following spells:

 Your Spells              Type           Power      Damage    Failure   Level
a - Slow                  Hex            88%        N/A       1%          1
b - Inner Flame           Hex/Fire       17%        N/A       9%          3
c - Portal Projectile     Hex/Tloc       26%        N/A       14%         3
d - Cause Fear            Hex            11%        N/A       14%         4

Your spell library contained the following spells:

 Spells                   Type           Power      Damage    Failure   Level
 Sting                    Tmut/Pois      8%         1d3       19%         1
 Poisonous Vapours        Pois/Air       4%         N/A       28%         2
 Ozocubu's Armour         Ice            2%         N/A       50%         3
 Metabolic Englaciation   Hex/Ice        6%         N/A       80%         5
 Ice Form                 Ice/Tmut       2%         N/A       88%         4
 Olgreb's Toxic Radiance  Pois           2%         N/A       88%         4
 Shatter                  Erth           1%         3d5*      100%        9
 Simulacrum               Ice/Necr       Unusable   N/A       N/A         6

Dungeon Overview and Level Annotations

Branches:
Dungeon (5/15)
 Temple: D:4-7

Altars:
Elyvilon
Gozag
Kikubaaqudgha
Okawaru
Ru
Zin

Portals:
Abyss: D:4

Annotations:
D:4 2 transporters, fly's ghost, weakling DgDe


Innate Abilities, Weirdness & Mutations

You cannot be hasted, slowed, berserked, paralysed or teleported.
You can dig through walls and to a lower floor.
You have a pair of large antennae on your head. (SInv)
Your four strong arms can wield two-handed weapons with a shield.


Message History

You shoot a sling bullet.
The sling bullet hits the black bear but does no damage.
The black bear is severely wounded.
The black bear bites you. The black bear closely misses you.
The black bear misses you.
You shoot a sling bullet.
The sling bullet barely misses the black bear.
The sling bullet hits the hound.
The hound is severely wounded.
You shoot a sling bullet.
The sling bullet hits the black bear but does no damage.
The black bear is severely wounded.
The black bear bites you but does no damage.
The black bear completely misses you. The black bear barely misses you.
You shoot a sling bullet. The sling bullet hits the black bear.
The black bear is severely wounded.
The black bear shakes off its lethargy.
The black bear goes berserk!
Your +0 dagger of venom begins to drip with poison!
s - a +0 dagger of venom (weapon)
You barely miss the black bear.
The black bear is severely wounded.
The black bear bites you. The black bear claws you. x2
The black bear bites you! The black bear barely misses you.
The black bear claws you.
You hit the black bear.
The black bear is poisoned.
The black bear is severely wounded.
The black bear bites you!
* * * LOW HITPOINT WARNING * * *
The black bear claws you.
* * * LOW HITPOINT WARNING * * *
The black bear claws you.
* * * LOW HITPOINT WARNING * * *
Casting: Slow (safe; 1% risk of failure)
Confirm with . or Enter, or press ? or * to list all spells.
Casting: Cause Fear (dangerous; 14% risk of failure)
Press: ? - help, Dir - look around, f - activate The black bear is unaffected.
The hound looks frightened!
The black bear closely misses you. The black bear misses you.
The black bear closely misses you. The black bear bites you!
You die...

.. .# ..# ...
#.#### ###......
###+### #@h.h....
......#
###.##.....
......####...#
...
......#.....## .
#######.......#.#
......#.#..>.##.#
####.##.#.#.###.#
# #.##.........#
# #.####.#######


You could see a black bear (berserk, very poisoned) and a hound (fleeing).

Vanquished Creatures
  Grinder (D:4)
  Sigmund (D:2)
  An ogre (D:4)
  2 jellies (D:4)
  A hound (D:5)
  An iguana (D:5)
  An orc wizard (D:3)
  6 adders
  2 dart slugs
  12 orcs
  9 endoplasms
  4 giant cockroaches
  6 goblins
  6 hobgoblins
  2 jackals (D:4)
  4 quokkas
  6 ball pythons
  6 bats
  2 frilled lizards
  4 kobolds
  4 rats
81 creatures vanquished.

Notes
Turn   | Place    | Note
-------+----------+-------------------------------------------
     0 | D:1      | Bnni the Formicid Hexslinger began the quest for the Orb.
     0 | D:1      | Reached XP level 1. HP: 15/15 MP: 2/2
    46 | D:1      | Got the Almanac of Rocky Freezing
   103 | D:1      | Reached XP level 2. HP: 21/21 MP: 3/3
   326 | D:1      | Reached skill level 4 in Hexes
   672 | D:2      | Reached XP level 3. HP: 26/26 MP: 4/4
   676 | D:2      | Learned a level 3 spell: Inner Flame
   727 | D:2      | Noticed Sigmund
  1096 | D:2      | Killed Sigmund
  1097 | D:2      | Reached XP level 4. HP: 29/33 MP: 1/7
  1097 | D:2      | Reached XP level 5. HP: 34/38 MP: 1/8
  1102 | D:2      | Learned a level 4 spell: Cause Fear
  1292 | D:2      | Reached skill level 5 in Hexes
  1292 | D:2      | Reached XP level 6. HP: 30/44 MP: 7/9
  1948 | D:3      | Found a glowing silver altar of Zin.
  1948 | D:3      | Found an ancient bone altar of Kikubaaqudgha.
  1948 | D:3      | Found an iron altar of Okawaru.
  1948 | D:3      | Found a sacrificial altar of Ru.
  1954 | D:3      | Found a white marble altar of Elyvilon.
  1957 | D:3      | Found an opulent altar of Gozag.
  1974 | D:3      | Became a worshipper of Warmaster Okawaru
  2540 | D:4      | Found a one-way gate to the infinite horrors of the Abyss.
  2540 | D:4      | Noticed fly's ghost (weakling DgDe)
  2592 | D:4      | Noticed Grinder
  2600 | D:4      | Killed Grinder
  2600 | D:4      | Reached * piety under Okawaru
  2601 | D:4      | Reached XP level 7. HP: 23/52 MP: 5/10
  2929 | D:4      | Reached skill level 6 in Hexes
  3122 | D:4      | Found a transporter.
  3316 | D:4      | Found a transporter.
  3376 | D:4      | Reached ** piety under Okawaru
  3575 | D:4      | Learned a level 3 spell: Portal Projectile
  3696 | D:5      | Entered Level 5 of the Dungeon
  3718 | D:5      | Reached XP level 8. HP: 26/58 MP: 0/12
  3915 | D:5      | Slain by a black bear

Illustrated notes

Levels and vault maps discovered:
D:1:      dpeg_arrival_simpleton_b, layout_loops_ring, minmay_misc_feat_roman,
          minmay_misc_feat_encased
D:2:      layout_loops_ring, uniq_sigmund
D:3:      layout_basic, minmay_overflow_temple_hex,
          chequers_serial_rivers_small_a
D:4:      layout_loops_ring, gammafunk_ghost_abyssal_escape, bh_walls_and_bars,
          uniq_grinder
D:5:      layout_basic, riverfiend_overflow_shadow_ancestor,
          ebering_ghost_sewer_d, uniq_blork_the_orc

Skill      XL: |  1  2  3  4  5  6  7 |
---------------+----------------------+-----
Hexes          | 4 5 6 |  6.3
Fighting       | 2 3 |  3.5
Ranged Weapons | 3 4 |  4.6
Spellcasting   | 2 3 |  3.0
Fire Magic     | 2 3 |  3.0
Dodging        | |  1.7
Translocations | |  0.4

Action                   |  1- 3 |  4- 6 |  7- 9 || total
-------------------------+-------+-------+-------++-------
Melee: Dagger            |       |       |     2 ||     2
 Fire: Sling             |    68 |   165 |    96 ||   329
 Cast: Slow              |     3 |     3 |     5 ||    11
       Inner Flame       |     3 |     2 |     1 ||     6
       Portal Projectile |       |       |     1 ||     1
       Cause Fear        |       |       |     1 ||     1
Armor: Robe              |     3 |    18 |     8 ||    29
Dodge: Dodged            |    24 |    58 |    46 ||   128
Block: Other             |       |    19 |       ||    19

Table legend: (Time is in decaauts)
 A = Elapsed time spent in this place.
 B = Non-inter-level travel time spent in this place.
 C = Inter-level travel time spent in this place.
 D = Time resting spent in this place.
 E = Time spent auto-exploring this place.
 F = Levels seen in this place.
 G = Mean time per level.
                   A        B        C        D        E       F      G
               +--------+--------+--------+--------+--------+-----+--------+
         Total |   3996 |   3857 |    139 |    542 |   2571 |   5 |  799.2 |
       Dungeon |   3996 |   3857 |    139 |    542 |   2571 |   5 |  799.2 |
               +--------+--------+--------+--------+--------+-----+--------+

Top non-repeatable levels by time:
     D:4: 1221 daAuts
     D:1: 959 daAuts
     D:2: 833 daAuts
     D:3: 760 daAuts
     D:5: 222 daAuts
